 Dungeon Crawl Stone Soup version 0.21-a0-128-gf2b353c (webtiles) character file.

55 4thArraOfDagon the Skirmisher (level 3, 0/26 HPs)
             Began as an Octopode Abyssal Knight on July 16, 2017.
             Was a Follower of Lugonu.
             Slain by a crimson imp (3 damage)
             ... on level 5 of the Dungeon.
             The game lasted 00:02:23 (891 turns).

4thArraOfDagon the Skirmisher (OpAK)                 Turns: 891, Time: 00:02:24

Health: 0/26       AC:  1    Str: 11    XL:     3   Next: 93%
Magic:  5/5        EV: 14    Int: 15    God:    Lugonu [*.....]
Gold:   78         SH:  0    Dex: 11    Spells: 2/2 levels left

rFire    . . .     SeeInvis .   a - +1 falchion
rCold    . . .     Gourm    .   (no shield)
rNeg     . . .     Faith    .   (helmet restricted)
rPois    .         Spirit   .   (no amulet)
rElec    .         Reflect  .   (no ring)
rCorr    .         Harm     .   (no ring)
MR       .....                  (no ring)
Stlth    ++........             (no ring)
HPRegen  0.08/turn              (no ring)
MPRegen  0.09/turn              (no ring)
                                (no ring)
                                (no ring)

@: no status effects
A: almost no armour, stealthy swim, amphibious, 8 rings, constrict 8, camouflage
1, gelatinous body 1
a: Depart the Abyss, Renounce Religion


You were on level 5 of the Dungeon.
You worshipped Lugonu.
Lugonu was aware of your devotion.
You were not hungry.

You visited 1 branch of the dungeon, and saw 5 of its levels.
You visited the Abyss 1 time.

You collected 78 gold pieces.

Inventory:

Hand Weapons
 a - a +1 falchion (weapon)
Wands
 h - a wand of clouds (1/9)
Scrolls
 d - a scroll of recharging {unknown}
 e - a scroll of fear {unknown}
 f - a scroll of immolation {unknown}
 g - a scroll of remove curse
 i - a scroll of teleportation
 j - a scroll of enchant weapon {unknown}
 k - a scroll of enchant armour {unknown}
Comestibles
 b - 2 bread rations
 c - a meat ration


   Skills:
 + Level 3.1 Fighting
 * Level 3.1 Long Blades
 + Level 2.8 Dodging
 + Level 2.8 Invocations


You had 2 spell levels left.
You didn't know any spells.

Dungeon Overview and Level Annotations

Branches:
Dungeon (5/15)
 Temple: D:4-7

Altars:
Dithmenos

Annotations:
D:3 Terence


Innate Abilities, Weirdness & Mutations

You cannot wear most types of armour.
You are very stealthy in the water. (Stealth+)
You are amphibious.
You can wear up to eight rings at the same time.
You can use your tentacles to constrict eight enemies at once.
Your skin changes colour to match your surroundings (Stealth+).
Your rubbery body absorbs attacks. (AC +1, EV +1)


Message History

You start resting.
A crimson imp comes into view.
Unknown command.
There is an open door here.
Unknown command.
The crimson imp blinks!
Unknown command.
You barely miss the crimson imp. You grab the crimson imp.
You constrict the crimson imp, but do no damage.
The crimson imp hits you.
* * * LOW HITPOINT WARNING * * *
You hit the crimson imp but do no damage.
You constrict the crimson imp. The crimson imp hits you.
* * * LOW HITPOINT WARNING * * *
The crimson imp hits you.
* * * LOW HITPOINT WARNING * * *
Unknown command.
You completely miss the crimson imp. You constrict the crimson imp.
The crimson imp hits you.
You die...

#........#
#........#
##.......#
###'#.§...#
#.....§...#
#....§.§..# .
#...§.§...# ...
#######'###.....
........@..)....
.......5........
...........#####
...........#
...........#
...........#
...........#
...........


You could see a crimson imp.

Vanquished Creatures
  A worker ant (D:5)
  2 dart slugs (D:1)
  A leopard gecko (D:1)
  2 giant cockroaches
  A goblin (D:2)
  6 hobgoblins
  2 quokkas
  A ball python (D:1)
  3 bats
  2 frilled lizards (D:3)
  2 kobolds (D:1)
  3 rats
26 creatures vanquished.

Notes
Turn   | Place    | Note
-------+----------+-------------------------------------------
     0 | Abyss:1  | 4thArraOfDagon the Octopode Abyssal Knight began the quest for the Orb.
     0 | Abyss:1  | Reached XP level 1. HP: 16/16 MP: 2/2
    39 | Abyss:2  | Noticed an ancient zyme
    45 | D:1      | Escaped the Abyss
   140 | D:1      | Reached * piety under Lugonu
   152 | D:1      | Reached XP level 2. HP: 14/21 MP: 3/3
   510 | D:2      | You fall through a shaft!
   515 | D:3      | Reached XP level 3. HP: 25/26 MP: 4/4
   591 | D:3      | Noticed Terence
   783 | D:5      | Entered Level 5 of the Dungeon
   792 | D:5      | Found a shadowy altar of Dithmenos.
   891 | D:5      | Slain by a crimson imp

Vault maps used:
D:1:      kilobyte_arrival_exit_the_forest
D:2:      minmay_hexomino_c4
D:3:      uniq_grinder, uniq_terence
D:4:      minmay_temple_entry_junction, first_bread
D:5:      grunt_dithmenos_smoke
Abyss:1:  evilmike_abyss_exit_7

Skill      XL: |  1  2  3 |
---------------+----------+-----
Long Blades    | 3 |  3.1
Fighting       | |  3.1
Dodging        | |  2.8
Invocations    | |  2.8

Action                   || total
-------------------------++-------
Melee: Falchion          ||    52
       Constrict         ||    18
       Tentacles         ||    11
Invok: Depart the Abyss  ||     1
  Use: Scroll            ||     3
 Stab: Sleeping          ||     3
Armor: Skin              ||     5
Dodge: Dodged            ||    30
       Rpst.: Falchion   ||     7
